Map: Dead of Night

Players

likecat

  • Race: Terran Terran
  • Spawn Location: 0:00

DShinRanger

  • Race: Terran Terran
  • Spawn Location: 0:00

VOD

Have the link to the VOD?

Description

Played with a random Swann and we got it in less than 28 minutes. He defended and I "attacked".

Time

  • Played on: April 16, 2024, 5:41 a.m.
  • Length: 27:05
Show
View Real Time Build Order
Export as new Build Order

likecat Terran 

Build Orders:  

Get SALT Encoding   

  12  0:03  SCV  
  13  0:16  SCV  
  14  0:24  Refinery  
  14  0:30  SCV  
  15  0:43  Supply Depot  
  15  0:56  Refinery  
  15  0:59  Refinery  
  15  1:09  SCV  
  16  1:23  SCV  
  17  1:37  SCV  
  18  1:50  SCV  
  19  2:02  Engineering Bay  
  19  2:04  SCV  
  19  2:07  Factory  
  20  2:17  SCV  
  21  2:31  SCV  
  22  2:45  SCV  
  23  2:51  Hi-Sec Auto Tracking  
  23  3:05  Factory  
  23  3:10  Supply Depot  
  23  3:26  Perdition Turret  
  23  3:30  SCV  
  23  3:34  Perdition Turret  
  23  3:37  Perdition Turret  
  23  3:38  Perdition Turret  
  24  3:49  Supply Depot  
  24  3:50  Factory Tech Reactor  
  24  3:57  KMC Auto-Loaders  
  24  3:59  Perdition Turret  
  24  4:00  Perdition Turret  
  24  4:02  Perdition Turret  
  24  4:03  Perdition Turret x2  
  24  4:06  Perdition Turret  
  24  4:07  Perdition Turret  
  24  4:08  Perdition Turret  
  24  4:10  Perdition Turret x3  
  24  4:13  Perdition Turret x2  
  24  4:14  Perdition Turret  
  24  4:16  Perdition Turret x3  
  24  4:17  SCV  
  25  4:20  Perdition Turret x2  
  25  4:21  Perdition Turret  
  25  4:23  Siege Tank  
  25  4:24  Perdition Turret x3  
  25  4:28  Perdition Turret x2  
  25  4:29  Factory Tech Reactor, Perdition Turret  
  28  4:31  Perdition Turret x3  
  28  4:33  Perdition Turret x2  
  28  4:34  Perdition Turret, SCV  
  28  4:36  Perdition Turret x2  
  29  5:01  Perdition Turret  
  29  5:09  Perdition Turret  
  29  5:13  Perdition Turret  
  29  5:16  Perdition Turret  
  29  5:19  Perdition Turret  
  29  5:24  Perdition Turret  
  29  5:25  Perdition Turret  
  29  5:28  Perdition Turret  
  29  5:38  Siege Tank  
  32  5:40  Siege Tank, Perdition Turret  
  32  5:41  Perdition Turret, SCV  
  32  5:47  Perdition Turret  
  32  5:49  Perdition Turret  
  36  5:50  Perdition Turret, Armory  
  36  5:51  Perdition Turret x2  
  36  5:54  Perdition Turret  
  36  5:55  SCV  
  36  5:57  Perdition Turret x3  
  37  6:00  Perdition Turret x2  
  37  6:01  Perdition Turret  
  37  6:04  Perdition Turret  
  37  6:06  Perdition Turret x2  
  37  6:08  SCV  
  38  6:10  Perdition Turret x3  
  38  6:11  Perdition Turret  
  38  6:35  Armory  
  38  6:51  Perdition Turret  
  38  6:52  Perdition Turret  
  38  6:57  Terran Vehicle and Ship Weapons Level 1  
  38  6:59  Perdition Turret  
  38  7:01  Perdition Turret  
  38  7:04  Perdition Turret  
  38  7:05  Supply Depot  
  38  7:07  SCV  
  39  7:25  Siege Tank x2, SCV  
  39  7:28  Supply Depot  
  46  7:30  Perdition Turret  
  46  7:46  Perdition Turret  
  46  7:50  Siege Tank, Perdition Turret x2  
  46  7:54  Perdition Turret  
  46  7:59  Perdition Turret  
  49  8:00  Perdition Turret x2  
  49  8:02  Perdition Turret x2  
  49  8:04  Perdition Turret  
  49  8:05  Perdition Turret  
  49  8:07  Perdition Turret  
  49  8:08  Perdition Turret  
  49  8:10  Perdition Turret x2  
  49  8:11  Perdition Turret  
  49  8:18  Perdition Turret  
  49  8:19  Perdition Turret  
  49  8:23  Siege Tank x2, Perdition Turret  
  49  8:26  Perdition Turret  
  49  8:28  Perdition Turret x3  
  49  8:29  Advanced Optics  
  55  8:30  Perdition Turret x2  
  55  8:33  SCV  
  55  8:36  Perdition Turret x2  
  55  8:41  Supply Depot  
  55  8:43  Supply Depot  
  55  8:46  Perdition Turret x2, Supply Depot  
  55  8:48  Perdition Turret x4  
  55  8:55  SCV  
  55  8:58  Perdition Turret  
  55  9:05  Perdition Turret x2  
  55  9:08  Perdition Turret x2  
  55  9:09  Perdition Turret x2  
  54  9:10  Perdition Turret  
  54  9:11  Perdition Turret  
  54  9:23  Siege Tank x2  
  60  9:31  Perdition Turret x2, SCV  
  60  9:32  Siege Tank  
  60  9:34  Perdition Turret x3  
  61  9:48  Perdition Turret  
  61  9:54  Perdition Turret  
  61  9:56  Perdition Turret  
  61  9:57  Structure Armor, Perdition Turret  
  61  9:58  Perdition Turret  
  61  10:00  Perdition Turret  
  61  10:12  Perdition Turret  
  61  10:15  Perdition Turret  
  61  10:20  Perdition Turret  
  61  10:21  Perdition Turret  
  61  10:23  Perdition Turret  
  61  10:36  Regenerative Bio-Steel  
  61  10:37  Terran Vehicle and Ship Weapons Level 2  
  61  10:41  Perdition Turret  
  61  10:43  Perdition Turret x2, SCV  
  61  10:45  Perdition Turret x4  
  61  10:46  Perdition Turret  
  61  10:49  Perdition Turret x2  
  62  10:50  Perdition Turret  
  62  10:51  Perdition Turret  
  62  10:57  SCV  
  62  10:59  Perdition Turret  
  63  11:04  Fire-Suppression Systems  
  63  11:05  Perdition Turret x2  
  63  11:07  Perdition Turret x2  
  63  11:08  Siege Tank  
  63  11:09  Perdition Turret  
  66  11:10  SCV  
  67  11:20  Spinning Dizzy  
  67  11:22  Perdition Turret  
  67  11:23  Perdition Turret  
  67  11:24  SCV  
  67  11:28  Perdition Turret  
  67  11:30  Perdition Turret x3  
  67  11:35  Perdition Turret x2  
  67  11:37  Perdition Turret x6  
  67  11:38  Perdition Turret x2, SCV  
  67  11:39  Perdition Turret  
  68  11:40  Perdition Turret x5  
  68  11:42  Perdition Turret  
  68  11:43  Perdition Turret  
  68  11:47  Perdition Turret  
  68  11:48  Spinning Dizzy  
  68  11:51  Perdition Turret x3, SCV  
  68  11:56  Perdition Turret  
  68  11:57  Perdition Turret  
  68  11:58  Perdition Turret x5  
  69  12:00  Perdition Turret x2  
  69  12:01  Perdition Turret  
  69  12:03  Perdition Turret  
  69  12:05  SCV  
  69  12:06  Perdition Turret x2  
  69  12:08  Perdition Turret  
  69  12:09  Siege Tank  
  73  12:10  Siege Tank  
  73  12:12  Terran Vehicle And Ship Armor Level 1  
  73  12:16  Perdition Turret  
  73  12:17  Spinning Dizzy  
  73  12:18  Perdition Turret, SCV  
  76  12:20  Perdition Turret  
  76  12:21  Perdition Turret  
  76  12:22  Perdition Turret  
  76  12:24  Perdition Turret  
  76  12:25  Perdition Turret  
  76  12:26  Perdition Turret  
  76  12:32  SCV  
  77  12:40  Perdition Turret  
  77  12:41  Perdition Turret  
  77  12:42  Perdition Turret, Spinning Dizzy  
  77  12:45  SCV  
  78  12:52  Perdition Turret x3  
  78  12:53  Perdition Turret x2  
  78  12:54  Perdition Turret x2  
  78  12:55  Perdition Turret  
  78  12:56  Spinning Dizzy  
  78  12:58  Perdition Turret x2  
  78  12:59  Perdition Turret x2, SCV  
  79  13:00  Perdition Turret x3  
  79  13:01  Perdition Turret  
  79  13:03  Perdition Turret x2  
  79  13:04  Perdition Turret  
  79  13:06  Perdition Turret  
  79  13:08  Perdition Turret, Supply Depot  
  79  13:09  Perdition Turret  
  79  13:10  Perdition Turret x2  
  79  13:12  Perdition Turret  
  79  13:13  Perdition Turret x2  
  79  13:14  Perdition Turret x2  
  79  13:15  Supply Depot  
  79  13:16  Perdition Turret  
  79  13:20  Perdition Turret x2  
  79  13:21  Perdition Turret  
  79  13:22  Perdition Turret x2  
  79  13:24  Perdition Turret  
  79  13:25  Perdition Turret x2  
  79  13:26  Perdition Turret x2  
  79  13:29  Siege Tank x2, SCV  
  86  13:40  Siege Tank, Perdition Turret  
  86  13:41  Perdition Turret x4  
  86  13:42  Perdition Turret  
  86  13:43  Perdition Turret x3  
  86  13:44  Perdition Turret  
  86  13:46  Perdition Turret x5  
  86  13:47  Perdition Turret  
  86  13:49  Perdition Turret x4  
  89  13:51  Perdition Turret  
  89  13:52  Perdition Turret x2  
  89  13:53  Perdition Turret x4  
  89  13:56  Perdition Turret x8  
  89  13:59  Perdition Turret x5, SCV  
  90  14:02  Perdition Turret  
  90  14:03  Siege Tank  
  90  14:06  Perdition Turret x2  
  90  14:08  Perdition Turret  
  90  14:09  Perdition Turret x2  
  93  14:10  Perdition Turret  
  93  14:11  Perdition Turret x5  
  93  14:12  Perdition Turret x2  
  93  14:13  Perdition Turret  
  93  14:14  Perdition Turret x5  
  93  14:15  Perdition Turret  
  93  14:20  Perdition Turret x2  
  93  14:22  Perdition Turret x4  
  93  14:24  Perdition Turret x3  
  93  14:25  SCV  
  93  14:27  Perdition Turret  
  92  14:35  Perdition Turret  
  92  14:36  Perdition Turret  
  92  14:37  Perdition Turret x6  
  92  14:38  Perdition Turret  
  92  14:39  SCV  
  93  14:40  Perdition Turret x2  
  93  14:41  Perdition Turret x2  
  93  14:42  Perdition Turret x3  
  93  14:43  Perdition Turret x3  
  93  14:44  Perdition Turret x2  
  93  14:46  Perdition Turret x3  
  93  14:47  Perdition Turret  
  93  14:49  Perdition Turret  
  93  14:51  Perdition Turret x3  
  93  14:52  Perdition Turret x2  
  93  14:54  Perdition Turret  
  93  14:55  Siege Tank  
  93  14:56  Perdition Turret  
  93  14:58  Perdition Turret x3  
  95  15:01  Perdition Turret  
  95  15:03  Supply Depot  
  95  15:05  Perdition Turret x3  
  95  15:06  Supply Depot  
  95  15:07  Perdition Turret x3  
  95  15:08  Perdition Turret x2, Supply Depot  
  95  15:09  Perdition Turret  
  95  15:12  Upgrade Laser Drill Level 1, Supply Depot  
  95  15:15  Supply Depot  
  95  15:16  Perdition Turret  
  95  15:18  Perdition Turret  
  95  15:20  Perdition Turret  
  95  15:21  Perdition Turret x3  
  95  15:24  Siege Tank x2  
  95  15:25  Perdition Turret  
  95  15:27  Perdition Turret  
  95  15:28  Perdition Turret  
  101  15:31  Perdition Turret, SCV  
  101  15:33  Perdition Turret x2  
  101  15:34  Siege Tank  
  101  15:35  Perdition Turret  
  101  15:36  Perdition Turret  
  101  15:39  Perdition Turret  
  105  15:40  Perdition Turret  
  105  15:41  Perdition Turret  
  105  15:42  Perdition Turret x2  
  105  15:44  Perdition Turret x2  
  105  15:45  SCV  
  105  15:47  Perdition Turret x2  
  105  15:49  Perdition Turret  
  106  15:50  Perdition Turret  
  106  15:52  Perdition Turret  
  106  15:54  Perdition Turret  
  106  15:58  SCV  
  106  15:59  Perdition Turret  
  107  16:01  Perdition Turret  
  107  16:02  Perdition Turret  
  107  16:03  Perdition Turret  
  107  16:05  Perdition Turret  
  107  16:06  Perdition Turret  
  107  16:08  Perdition Turret  
  107  16:10  Perdition Turret  
  107  16:11  Perdition Turret  
  107  16:14  Perdition Turret x3  
  107  16:16  Perdition Turret x6  
  107  16:17  Perdition Turret  
  107  16:18  Perdition Turret  
  107  16:19  Perdition Turret  
  107  16:21  Perdition Turret  
  107  16:22  SCV  
  107  16:24  Perdition Turret  
  107  16:26  Perdition Turret  
  107  16:28  Perdition Turret  
  108  16:30  Perdition Turret  
  108  16:32  Perdition Turret  
  108  16:33  Perdition Turret  
  108  16:34  Perdition Turret  
  108  16:36  Perdition Turret  
  108  16:37  Perdition Turret  
  108  16:39  Perdition Turret x2  
  108  16:40  Perdition Turret  
  108  16:43  Perdition Turret  
  108  16:45  Perdition Turret  
  108  16:46  Perdition Turret  
  108  16:49  Perdition Turret, Factory, Terran Vehicle and Ship Weapons Level 3  
  108  16:50  Perdition Turret, Terran Vehicle And Ship Armor Level 2  
  108  16:52  Perdition Turret  
  108  16:57  Perdition Turret  
  108  16:59  Perdition Turret x2  
  108  17:00  Perdition Turret  
  108  17:01  Perdition Turret x2  
  108  17:03  Perdition Turret x2  
  108  17:05  Siege Tank x2, Perdition Turret x2  
  108  17:06  Perdition Turret x2  
  108  17:08  Perdition Turret  
  114  17:10  Perdition Turret  
  114  17:12  Perdition Turret x2  
  114  17:15  Perdition Turret x2  
  114  17:20  Perdition Turret  
  114  17:21  Perdition Turret  
  114  17:23  Perdition Turret  
  114  17:24  Perdition Turret  
  114  17:27  Perdition Turret  
  114  17:29  Perdition Turret  
  114  17:30  Perdition Turret  
  114  17:31  Perdition Turret x2  
  114  17:39  Perdition Turret x2  
  114  17:42  Perdition Turret x2  
  114  17:47  Perdition Turret  
  114  17:52  Perdition Turret  
  114  17:54  Perdition Turret  
  114  17:55  Perdition Turret  
  114  17:58  Perdition Turret x2  
  114  18:02  Perdition Turret x2  
  114  18:04  Perdition Turret  
  114  18:05  Perdition Turret x2  
  114  18:13  Perdition Turret  
  114  18:15  Perdition Turret  
  114  18:17  Perdition Turret  
  114  18:20  Siege Tank x2  
  114  18:21  Siege Tank  
  114  18:22  Factory Tech Reactor, Perdition Turret  
  114  18:26  Perdition Turret, SCV  
  124  18:30  Maelstrom Rounds  
  124  18:33  Perdition Turret  
  124  18:38  Perdition Turret  
  113  18:40  SCV  
  124  18:42  Perdition Turret  
  124  18:45  Perdition Turret  
  124  18:48  Perdition Turret  
  125  18:50  Perdition Turret  
  125  18:53  Siege Tank x2, Perdition Turret x2, SCV  
  125  18:54  Perdition Turret x2  
  125  18:55  Perdition Turret  
  125  18:56  Perdition Turret x5  
  125  18:57  Perdition Turret x2  
  125  18:58  Perdition Turret x2  
  125  18:59  Perdition Turret  
  132  19:00  Perdition Turret  
  132  19:02  Perdition Turret  
  132  19:04  Perdition Turret  
  132  19:05  Supply Depot  
  132  19:07  Perdition Turret, Supply Depot  
  132  19:09  Perdition Turret  
  132  19:13  Supply Depot  
  132  19:14  Supply Depot  
  132  19:19  Perdition Turret  
  132  19:22  Perdition Turret  
  132  19:23  Perdition Turret x2  
  132  19:27  Perdition Turret  
  132  19:29  Perdition Turret x2  
  132  19:30  Perdition Turret  
  132  19:31  Perdition Turret  
  132  19:33  Perdition Turret x3  
  132  19:35  Perdition Turret x3  
  132  19:36  Siege Tank  
  132  19:37  Siege Tank x2  
  132  19:38  Perdition Turret  
  141  19:40  Perdition Turret  
  141  19:42  Perdition Turret  
  141  19:43  Perdition Turret  
  141  19:45  Perdition Turret  
  141  19:47  Perdition Turret x2  
  141  19:48  Perdition Turret x2, Supply Depot  
  141  19:49  Perdition Turret x4  
  141  19:50  Perdition Turret  
  141  19:51  Perdition Turret x2  
  141  19:52  Perdition Turret  
  141  19:54  Perdition Turret  
  141  19:57  Siege Tank, Perdition Turret  
  141  19:58  Siege Tank, Perdition Turret x2  
  141  19:59  Perdition Turret x2  
  147  20:00  Perdition Turret  
  147  20:01  Perdition Turret  
  147  20:02  Perdition Turret x2  
  147  20:05  Perdition Turret x2  
  147  20:14  Perdition Turret  
  147  20:15  Perdition Turret  
  147  20:18  Perdition Turret  
  147  20:19  Perdition Turret x2  
  147  20:21  Perdition Turret, Supply Depot  
  147  20:23  Perdition Turret  
  147  20:27  Siege Tank, Perdition Turret  
  150  20:31  Perdition Turret  
  150  20:33  Perdition Turret x2  
  150  20:34  Perdition Turret  
  150  20:35  Perdition Turret  
  150  20:36  Perdition Turret x2  
  150  20:37  Perdition Turret  
  150  20:38  Perdition Turret x2  
  150  20:39  Perdition Turret x2  
  150  20:40  Perdition Turret x4  
  150  20:41  Perdition Turret  
  150  20:42  Perdition Turret  
  150  20:48  Siege Tank x2, Perdition Turret x2  
  156  20:52  Perdition Turret x2  
  156  20:54  Perdition Turret x2  
  156  20:55  Perdition Turret  
  156  20:56  Siege Tank, Perdition Turret x2  
  156  20:57  Perdition Turret  
  156  20:58  Perdition Turret  
  159  21:02  Perdition Turret  
  159  21:03  Perdition Turret x3  
  159  21:04  Perdition Turret x2  
  159  21:05  Perdition Turret x5  
  159  21:07  Perdition Turret x3  
  159  21:08  Perdition Turret x2  
  159  21:09  Perdition Turret x2  
  159  21:10  Perdition Turret x2  
  159  21:12  Perdition Turret x3  
  159  21:13  Perdition Turret  
  159  21:14  Perdition Turret  
  159  21:17  Perdition Turret  
  156  21:22  Perdition Turret  
  156  21:25  Perdition Turret  
  156  21:26  Perdition Turret  
  156  21:27  Perdition Turret  
  156  21:29  Perdition Turret  
  155  21:32  Perdition Turret  
  155  21:33  Perdition Turret  
  155  21:39  Perdition Turret  
  149  21:41  Perdition Turret  
  149  21:42  Perdition Turret x2  
  149  21:43  Perdition Turret  
  149  21:44  Perdition Turret  
  149  21:45  Perdition Turret  
  149  21:46  Perdition Turret x2  
  149  21:53  Perdition Turret x2, SCV  
  149  21:55  Perdition Turret  
  150  22:02  Siege Tank, Perdition Turret, Spinning Dizzy  
  150  22:06  Perdition Turret, Spinning Dizzy  
  150  22:07  Spinning Dizzy, SCV  
  150  22:09  Perdition Turret  
  151  22:18  Perdition Turret  
  150  22:21  Siege Tank x3, Perdition Turret  
  150  22:22  Siege Tank, Perdition Turret  
  150  22:26  Spinning Dizzy  
  150  22:27  Terran Vehicle And Ship Armor Level 3  
  162  22:30  Spinning Dizzy  
  162  22:31  Perdition Turret  
  162  22:36  Perdition Turret x2  
  162  22:37  Perdition Turret  
  162  22:38  Perdition Turret  
  165  22:40  Perdition Turret  
  165  22:41  Perdition Turret  
  165  22:45  Perdition Turret x2  
  165  22:46  Perdition Turret  
  165  22:47  Perdition Turret  
  165  22:48  Perdition Turret x2  
  165  22:49  Perdition Turret  
  165  22:50  Perdition Turret  
  165  22:51  Siege Tank, Perdition Turret  
  165  22:52  Siege Tank, Perdition Turret  
  165  22:53  Siege Tank, Perdition Turret x2  
  165  22:54  Perdition Turret  
  165  22:55  Perdition Turret  
  165  22:57  Perdition Turret x3  
  165  22:58  Perdition Turret  
  165  22:59  Perdition Turret x2  
  162  23:00  Perdition Turret  
  162  23:02  Perdition Turret x2  
  162  23:03  Perdition Turret x2  
  162  23:04  Perdition Turret  
  162  23:05  Perdition Turret x2  
  162  23:07  Perdition Turret x3  
  162  23:08  Perdition Turret  
  162  23:09  Perdition Turret  
  159  23:10  Perdition Turret  
  159  23:11  Perdition Turret  
  159  23:12  Perdition Turret  
  159  23:13  Perdition Turret  
  159  23:14  Perdition Turret  
  159  23:15  Siege Tank x17, Perdition Turret  
  159  23:18  Perdition Turret  
  159  23:19  Perdition Turret  
  159  23:23  Siege Tank x8, Perdition Turret  
  159  23:24  Perdition Turret  
  159  23:25  Perdition Turret x2  
  159  23:26  Perdition Turret  
  159  23:27  Perdition Turret  
  159  23:28  Siege Tank x6, Perdition Turret x2  
  159  23:29  Siege Tank x3  
  165  23:31  Perdition Turret  
  165  23:33  Perdition Turret x2  
  165  23:34  Perdition Turret  
  165  23:36  Perdition Turret  
  165  23:37  Perdition Turret  
  165  23:38  Perdition Turret  
  165  23:40  Perdition Turret  
  165  23:42  Perdition Turret x3  
  165  23:43  Perdition Turret, SCV  
  165  23:44  Perdition Turret  
  165  23:48  Perdition Turret  
  166  23:50  Perdition Turret x3  
  166  23:51  Perdition Turret  
  166  23:52  Perdition Turret x2  
  166  23:54  Perdition Turret  
  166  23:55  Perdition Turret  
  166  23:56  Perdition Turret  
  166  23:57  Perdition Turret, SCV  
  166  23:59  Perdition Turret  
  167  24:03  Perdition Turret  
  166  24:12  Perdition Turret x2  
  166  24:13  Perdition Turret  
  166  24:16  Perdition Turret  
  166  24:17  Perdition Turret  
  166  24:18  Perdition Turret  
  166  24:21  Perdition Turret  
  166  24:23  Perdition Turret  
  166  24:25  Perdition Turret  
  166  24:26  Perdition Turret  
  166  24:27  Perdition Turret  
  163  24:35  Perdition Turret  
  163  24:38  Perdition Turret x2  
  157  24:42  Perdition Turret  
  157  24:44  Perdition Turret  
  157  24:45  Perdition Turret  
  157  24:46  Perdition Turret x2  
  157  24:49  Perdition Turret  
  142  24:54  Siege Tank, Perdition Turret  
  142  24:59  Perdition Turret  
  130  25:02  Perdition Turret  
  130  25:06  Perdition Turret  
  130  25:09  Perdition Turret  
  130  25:19  Perdition Turret x2  
  127  25:21  Perdition Turret  
  127  25:27  Perdition Turret  
  127  25:29  Perdition Turret  
  130  25:30  Perdition Turret  
  130  25:31  Perdition Turret x2  
  130  25:32  Perdition Turret  
  130  25:34  Perdition Turret  
  130  25:37  Perdition Turret  
  127  25:41  Perdition Turret x2  
  127  25:44  Perdition Turret x2  
  127  25:47  Perdition Turret x2  
  127  25:48  Perdition Turret  
  127  25:49  Perdition Turret x2  
  127  25:50  Perdition Turret x2  
  127  25:51  Perdition Turret x2  
  127  25:52  Perdition Turret  
  127  25:53  Perdition Turret x3  
  127  25:54  Siege Tank x4, Perdition Turret  
  127  25:55  Siege Tank, Perdition Turret x2  
  127  25:56  Perdition Turret x2  
  127  25:57  Perdition Turret  
  127  25:58  Siege Tank x4  
  127  25:59  Perdition Turret  
  127  26:00  Perdition Turret x2  
  127  26:01  Perdition Turret  
  127  26:02  Perdition Turret  
  127  26:03  Perdition Turret x3  
  127  26:05  Perdition Turret x3  
  127  26:06  Perdition Turret x2  
  127  26:07  Perdition Turret x3  
  127  26:09  Perdition Turret  
  127  26:10  Perdition Turret x3  
  127  26:11  Perdition Turret  
  127  26:12  Perdition Turret x2  
  127  26:14  Perdition Turret x2  
  127  26:16  Perdition Turret x2  
  127  26:17  Perdition Turret  
  127  26:18  Perdition Turret x2  
  127  26:19  Perdition Turret  
  127  26:20  Perdition Turret x2  
  127  26:21  Perdition Turret  
  127  26:22  Perdition Turret x2  
  127  26:23  Perdition Turret  
  127  26:24  Perdition Turret  
  127  26:25  Perdition Turret x2  
  127  26:27  Perdition Turret x2  
  127  26:29  Perdition Turret x3  
  127  26:31  Perdition Turret x2  
  127  26:32  Perdition Turret  
  127  26:34  Perdition Turret x3  
  127  26:36  Perdition Turret  
  127  26:37  Perdition Turret x2  
  124  26:41  Perdition Turret x3  
  124  26:43  Perdition Turret x3  
  124  26:45  Perdition Turret x3  
  124  26:47  Perdition Turret x3  
  124  26:49  Perdition Turret x3  
  121  26:51  Perdition Turret x2  
  121  26:52  Perdition Turret x2  
  121  26:53  Perdition Turret  
  121  26:54  Perdition Turret x2  
  121  26:55  Perdition Turret x4  
  121  26:57  Perdition Turret  
Show
View Real Time Build Order
Export as new Build Order

DShinRanger Terran 

Build Orders:  

Get SALT Encoding   

  12  0:13  Refinery  
  12  0:19  SCV  
  13  0:38  SCV  
  14  0:44  Refinery  
  14  0:55  SCV  
  15  1:01  Refinery  
  15  1:12  SCV  
  16  1:29  SCV  
  17  1:44  Barracks  
  17  1:46  SCV  
  18  2:03  SCV  
  19  2:19  SCV  
  20  2:36  SCV  
  21  2:52  Factory  
  21  2:53  SCV  
  22  3:06  Barracks Tech Lab  
  22  3:10  Ghost Visor, SCV  
  23  3:27  SCV  
  24  3:44  SCV  
  25  3:55  Caduceus Reactor, Starport  
  25  4:00  Laser Targeting System  
  25  4:01  SCV  
  25  4:02  Factory Tech Lab  
  26  4:18  SCV  
  27  4:35  SCV  
  28  4:46  Spider Mines  
  28  4:48  Armory  
  28  4:52  SCV  
  29  5:15  Starport Tech Lab  
  29  5:31  Defensive Drone  
  29  5:33  Defensive Drone  
  29  5:52  Raid Liberator  
  29  5:56  Engineering Bay  
  29  5:59  Raid Artillery  
  35  6:17  Terran Vehicle and Ship Weapons Level 1  
  35  6:19  Operational Efficiency  
  35  6:29  Smart Servos  
  35  6:33  Railgun Turret  
  35  6:54  Graduating Range  
  35  7:05  Defensive Drone  
  35  7:07  Defensive Drone  
  35  8:12  Defensive Drone  
  35  8:23  Covert Triage  
  35  8:57  Terran Vehicle And Ship Armor Level 1  
  35  9:08  Enhanced Manufacturing  
  35  9:14  Covert Banshee  
  35  9:17  Raven Type-II  
  43  9:38  Terran Infantry Weapons Level 1  
  43  9:41  Super Stimpack  
  43  9:47  Heavy Siege Tank  
  49  9:53  Advanced Cloaking Field  
  49  10:23  Rocket Barrage  
  49  10:39  Infernal Pre-Igniter  
  49  11:29  Railgun Turret  
  49  11:30  Railgun Turret  
  49  11:31  Jump Jet Assault, Railgun Turret  
  49  11:37  Terran Vehicle and Ship Weapons Level 2  
  49  11:48  Defensive Drone  
  49  11:52  Defensive Drone  
  49  11:57  Defensive Drone  
  49  12:18  Terran Infantry Armor Level 1  
  49  12:44  Raid Liberator  
  55  12:59  Defensive Drone  
  55  13:21  Defensive Drone  
  55  13:31  Railgun Turret  
  55  13:32  Railgun Turret  
  55  14:00  Defensive Drone  
  55  14:05  Raven Type-II  
  57  14:46  Terran Vehicle And Ship Armor Level 2  
  55  14:52  Tactical Airlift  
  55  14:58  Terran Infantry Weapons Level 2  
  52  15:21  Defensive Drone  
  52  15:26  Defensive Drone, SCV  
  49  15:43  SCV  
  50  16:00  Missile Turret, SCV  
  50  16:17  SCV  
  50  16:18  Covert Banshee  
  57  16:34  SCV  
  58  16:51  SCV  
  59  17:06  Raven Type-II  
  59  17:08  Raid Liberator, SCV  
  68  17:56  Terran Vehicle and Ship Weapons Level 3  
  68  18:08  Terran Infantry Armor Level 2  
  68  18:12  Covert Banshee  
  74  18:50  SCV  
  75  19:07  SCV  
  76  19:19  Missile Turret  
  76  19:24  SCV  
  77  19:41  SCV  
  78  19:53  Defensive Drone  
  78  19:56  Defensive Drone  
  78  19:58  SCV  
  79  20:01  Defensive Drone  
  79  20:05  Defensive Drone  
  79  20:08  Defensive Drone  
  79  20:28  Raid Liberator  
  79  20:29  Raven Type-II  
  87  20:52  Railgun Turret  
  87  21:10  Defensive Drone  
  87  21:18  Terran Infantry Weapons Level 3  
  87  21:33  Missile Turret  
  87  21:36  Terran Vehicle And Ship Armor Level 3  
  87  21:37  Griffin Airstrike  
  87  21:51  Tactical Airlift  
  87  22:00  Missile Turret  
  87  22:09  Defensive Drone  
  87  22:12  Griffin Airstrike  
  86  23:25  Defensive Drone  
  86  23:38  Covert Banshee  
  92  24:28  Defensive Drone  
  92  24:59  Defensive Drone  
  92  26:13  Defensive Drone  
  92  26:28  Griffin Airstrike  
  92  26:36  Raid Liberator  
Tags
 
Commander
NovaSwann
Matchup
Co-op
Add a new tag
Caveats
  • Supply blocks, unpowered buildings, or Contaminate may cause inaccurate times.
  • Supply counts are checked every 10 seconds.